 Dungeon Sprint DCSS version 0.30-a0-116-g3b1a8e4ee4 (webtiles) character file.

Game seed: 17034694286670670396

77 rocky1 the Carver (level 4, -2/55 HPs)
             Began as a Minotaur Gladiator on Sept 13, 2022.
             Drowned by a water elemental (3 damage)
             ... in the Dungeon (Sprint III: "The Ten Rune Challenge").
             The game lasted 00:01:52 (296 turns).

rocky1 the Carver (Minotaur Gladiator)               Turns: 296, Time: 00:01:52

Health: -2/55      AC:  6    Str: 19    XL:     4   Next: 14%
Magic:  3/3        EV: 13    Int:  5    God:
Gold:   16         SH:  0    Dex: 13    Spells: 3/3 levels left

rFire   . . .      SeeInvis .    a - +0 long sword
rCold   . . .      Faith    .    (no shield)
rNeg    + . .      Spirit   .    m - +2 robe {rN+}
rPois   .          Reflect  .    c - +0 hat
rElec   .          Harm     .    n - +1 cloak
rCorr   .          Rampage  .    (no gloves)
Will    .....      NoTele   +    (no boots)
Stlth   ..........               (no amulet)
HPRegen 0.18/turn                (no ring)
MPRegen 0.08/turn                (no ring)

@: berserking, engulfed (cannot breathe), very quick
A: horns 2, retaliatory headbutt, mutation resistance 1
a: no special abilities


You were in the Dungeon.
You visited 1 branch You collected 16 gold pieces.

Inventory:

Hand Weapons
 a - a +0 long sword (weapon)
Missiles
 d - 2 throwing nets (quivered)
 e - a javelin
Armour
 b - a +0 leather armour
 c - a +0 hat (worn)
 m - a +2 robe of positive energy (worn)
 n - a +1 cloak (worn)
Scrolls
 k - a scroll of blinking
 l - a scroll of acquirement {unknown}
 o - a scroll of immolation {unknown}
 p - 3 scrolls of identify
 q - a scroll of poison {unknown}
Potions
 f - a potion of curing
 g - 2 potions of heal wounds
 h - a potion of haste
 i - 2 potions of magic
 r - a potion of attraction {unknown}
 s - 2 potions of flight
 t - 3 potions of mutation


   Skills:
 - Level 2.4 Fighting
 + Level 10.4 Long Blades
 - Level 2.0 Throwing
 - Level 3.2 Dodging


You had 3 spell levels left.
You didn't know any spells.
Your spell library was empty.

Dungeon Overview and Level Annotations

Branches:
Dungeon (1/1)

Altars:


Innate Abilities, Weirdness & Mutations

You have a pair of horns on your head.
You reflexively headbutt those who attack you in melee.
You are somewhat resistant to further mutation.


Message History

Unknown command.
There is an open door to the Ecumenical Temple here.
You hit the water elemental but do no damage.
The water elemental hits you!
You barely miss the water elemental. The water elemental barely misses you.
You barely miss the water elemental. The water elemental closely misses you.
You barely miss the water elemental. You headbutt the water elemental.
The water elemental is lightly damaged.
The water elemental barely misses you. You furiously retaliate!
You headbutt the water elemental, but do no damage.
You hit the water elemental but do no damage.
The water elemental is lightly damaged.
The water elemental hits you!
The water elemental engulfs you in water!
Unknown command.
A red film seems to cover your vision as you go berserk!
You feel yourself moving faster!
You feel mighty!
* * * LOW HITPOINT WARNING * * *
Your lungs strain for air!
The water elemental closely misses you. You furiously retaliate!
You headbutt the water elemental! You barely miss the water elemental.
The water elemental is heavily damaged.
* * * LOW HITPOINT WARNING * * *
Your lungs strain for air!
You barely miss the water elemental.
The water elemental is heavily damaged.
* * * LOW HITPOINT WARNING * * *
Your lungs strain for air!
The water elemental hits you.
* * * LOW HITPOINT WARNING * * *
You barely miss the water elemental.
The water elemental is heavily damaged.
* * * LOW HITPOINT WARNING * * *
Your lungs strain for air!
The water elemental completely misses you.
You barely miss the water elemental.
Your headbutt misses the water elemental.
The water elemental is heavily damaged.
You die...

▓▓▓▓▓▓▓▓▓▓▓ ▓▓▓
.#..'...♣.♣ ♣.#
.#..#....♣♣ ♣♣.#
'####.....♣ ♣..#
....#....~♣♣♣♣..###+#+##
....#)..~~♣.♣ ♣.#.......
...[#..~~~~♣♣♣♣.@.⌠.....
###'#..~≈≈~~~♣♣.#E..####
...)#.~~≈~~~....#.⌠.#
....#.~≈~~~.....#...#
....#.~~~.......#+###
#####.....†.....#
................#
▓▓▓▓▓▓▓▓▓▓▓▓▓▓▓▓▓


You could see a water elemental.

Vanquished Creatures
  Crazy Yiuf (D)
  Jessica (D)
  A human (D)
  2 endoplasms (D)
5 creatures vanquished.

Notes
Turn   | Place    | Note
-------+----------+-------------------------------------------
     0 | D        | rocky1 the Minotaur Gladiator began the quest for the Orb.
     0 | D        | Reached XP level 1. HP: 18/18 MP: 0/0
     6 | D        | Reached skill level 5 in Long Blades
   106 | D        | Noticed Jessica
   108 | D        | Killed Jessica
   109 | D        | Reached skill level 8 in Long Blades
   109 | D        | Reached XP level 2. HP: 18/25 MP: 1/1
   109 | D        | Reached XP level 3. HP: 22/30 MP: 2/2
   207 | D        | Reached skill level 9 in Long Blades
   215 | D        | Noticed Crazy Yiuf
   224 | D        | Killed Crazy Yiuf
   225 | D        | Reached skill level 10 in Long Blades
   225 | D        | Reached XP level 4. HP: 37/37 MP: 3/3
   260 | D        | Gained mutation: You are somewhat resistant to further
                  | mutation. [potion of mutation]
   285 | D        | Noticed a water elemental
   295 | D        | HP: 1/55 [drowned by a water elemental (3)]
   296 | D        | Drowned by a water elemental

Illustrated notes

Levels and vault maps discovered:
D:        dungeon_sprint_mu [sprint_mu_entry_forest, sprint_mu_temple_rooms,
          sprint_mu_d1_horrors, sprint_mu_d2_genie, sprint_mu_d3_branching,
          sprint_mu_orc_legion, sprint_mu_elf_gauntlet, sprint_mu_hive_nellie,
          sprint_mu_lair_fedhas, sprint_mu_vaults_butterflies,
          sprint_mu_slime_circle, sprint_mu_shoals_archi,
          sprint_mu_snake_twists, sprint_mu_blade_basic,
          sprint_mu_crypt_chambers, sprint_mu_tomb_spiral,
          sprint_mu_vestibule_basic, sprint_mu_gehenna_hellfire,
          sprint_mu_dis_giant, sprint_mu_tartarus_statrot,
          sprint_mu_cocytus_islands, sprint_mu_zot1]

Skill      XL: |  1  2  3 |
---------------+----------+-----
Long Blades    | 8 10 | 10.4
Fighting       | |  2.4
Throwing       | |  2.0
Dodging        | |  3.2

Action                   |  1- 3 |  4- 6 || total
-------------------------+-------+-------++-------
Melee: Long sword        |    15 |     9 ||    24
       Headbutt          |     3 |     1 ||     4
Throw: Throwing net      |     3 |       ||     3
  Use: Potion            |       |     2 ||     2
 Stab: Sleeping          |     1 |       ||     1
       Held in net/web   |     1 |       ||     1
Dodge: Dodged            |     4 |     5 ||     9

Table legend: (Time is in decaauts)
 A = Elapsed time spent in this place.
 B = Non-inter-level travel time spent in this place.
 C = Inter-level travel time spent in this place.
 D = Time resting spent in this place.
 E = Time spent auto-exploring this place.
 F = Levels seen in this place.
 G = Mean time per level.
                   A        B        C        D        E       F      G
               +--------+--------+--------+--------+--------+-----+--------+
         Total |    296 |    296 |      0 |    144 |      0 |   1 |  296.0 |
       Dungeon |    296 |    296 |      0 |    144 |      0 |   1 |  296.0 |
               +--------+--------+--------+--------+--------+-----+--------+

Top non-repeatable levels by time:
       D: 296 daAuts
